 Dungeon Crawl Stone Soup version 0.26-a0-708-g17f3b190f9 (webtiles) character file.

Game seed: 8253724186938626596

43 lunkers the Poker (level 3, -1/28 HPs)
             Began as a Merfolk Gladiator on Oct 29, 2020.
             Slain by Sigmund
             ... wielding a +0 scythe
              (7 damage)
             ... on level 2 of the Dungeon.
             The game lasted 00:01:57 (787 turns).

lunkers the Poker (Merfolk Gladiator)                Turns: 787, Time: 00:01:57

Health: -1/28      AC:  5    Str: 14    XL:     3   Next: 58%
Magic:  3/3        EV: 14    Int: 13    God:
Gold:   106        SH:  0    Dex: 16    Spells: 2/2 levels left

rFire    . . .     SeeInvis .   a - +0 trident
rCold    . . .     Faith    .   (no shield)
rNeg     . . .     Spirit   .   b - +0 leather armour
rPois    .         Reflect  .   c - +0 helmet
rElec    .         Harm     .   (no cloak)
rCorr    .         Rampage  .   g - +0 pair of gloves
MR       .....                  (no boots)
Stlth    +.........             (no amulet)
HPRegen  0.09/turn              i - +6 ring of intelligence
MPRegen  0.08/turn              (no ring)

@: confused, brilliant, lethally poisoned (-1 -> -6)
A: change form in water, swift swim, stealthy swim
a: no special abilities


You were on level 2 of the Dungeon.
You visited 1 branch of the dungeon, and saw 2 of its levels.

You collected 106 gold pieces.

Inventory:

Hand Weapons
 a - a +0 trident (weapon)
Armour
 b - a +0 leather armour (worn)
 c - a +0 helmet (worn)
 g - a +0 pair of gloves (worn)
Jewellery
 i - a +6 ring of intelligence (left hand)
Scrolls
 f - 2 scrolls of remove curse {unknown}
 h - 3 scrolls of identify {unknown}
 k - a scroll of noise {unknown}
Potions
 j - a potion of stabbing {unknown}
 l - a potion of lignification {unknown}


   Skills:
 + Level 2.8 Fighting
 * Level 5.6 Polearms
 - Level 2.0 Throwing
 + Level 4.5 Dodging


You had 2 spell levels left.
You didn't know any spells.
Your spell library was empty.

Dungeon Overview and Level Annotations

Branches:
Dungeon (2/15)

Altars:
The Shining One

Annotations:
D:2 Sigmund


Message History

Fire/throw which item? (* to show all) (? for menu, Esc to quit)
Firing (i - inventory. (/) - cycle) Nothing suitable (ignored '=f'-inscribed item on 'd').
Press: ? - help, Shift-Dir - straight line, f/p - adder
Aim: an adder You throw a throwing net {=f}.
Something hits you but does no damage. The adder bites you.
* * * LOW HITPOINT WARNING * * *
You are poisoned.
The adder poisons you!
Fire/throw which item? (* to show all) (? for menu, Esc to quit)
Firing (i - inventory. (/) - cycle) Nothing suitable (ignored '=f'-inscribed item on 'd').
Press: ? - help, Shift-Dir - straight line, f/p - adder
Aim: an adder You throw a throwing net {=f}.
* * * LOW HITPOINT WARNING * * *
You feel sick. The adder bites you but does no damage.
It was a potion of brilliance.
You feel clever all of a sudden. Something hits you!
You die...

.....#.#.#.##.#...
...........##.#.(#
.....##...###.#..#
..........###.#..#####
....##....#..........#
##### #...#..........#
.............(#
.>.#......{...#
####(...S@....#
############


You could see an adder.

Vanquished Creatures
  An ooze (D:2)
  A dart slug (D:1)
  A leopard gecko (D:1)
  4 bats
  A giant cockroach (D:2)
  6 goblins
  10 hobgoblins
  A frilled lizard (D:1)
  3 kobolds
  3 rats
31 creatures vanquished.

Notes
Turn   | Place    | Note
-------+----------+-------------------------------------------
     0 | D:1      | lunkers the Merfolk Gladiator began the quest for the Orb.
     0 | D:1      | Reached XP level 1. HP: 16/16 MP: 1/1
   104 | D:1      | Reached XP level 2. HP: 23/23 MP: 2/2
   195 | D:1      | Reached skill level 5 in Polearms
   336 | D:1      | Found a glowing golden altar of the Shining One.
   382 | D:1      | Reached XP level 3. HP: 28/28 MP: 3/3
   768 | D:2      | Noticed Sigmund
   787 | D:2      | Slain by Sigmund

Illustrated notes

Levels and vault maps discovered:
D:1:      psy_arrival_basics, layout_basic, tso_metal_star
D:2:      layout_rooms, serial_glass, glass_columns_b, glass_columns_a,
          uniq_sigmund

Skill      XL: |  1  2 |
---------------+-------+-----
Polearms       | 5 |  5.6
Fighting       | |  2.8
Throwing       | |  2.0
Dodging        | |  4.5

Action                   || total
-------------------------++-------
Melee: Trident           ||    88
Throw: Throwing net      ||     3
  Use: Potion            ||     1
Armor: Leather armour    ||    12
Dodge: Dodged            ||    35

Table legend: (Time is in decaauts)
 A = Elapsed time spent in this place.
 B = Non-inter-level travel time spent in this place.
 C = Inter-level travel time spent in this place.
 D = Time resting spent in this place.
 E = Time spent auto-exploring this place.
 F = Levels seen in this place.
 G = Mean time per level.
                   A        B        C        D        E       F      G
               +--------+--------+--------+--------+--------+-----+--------+
         Total |    790 |    777 |     13 |      0 |    593 |   2 |  395.0 |
       Dungeon |    790 |    777 |     13 |      0 |    593 |   2 |  395.0 |
               +--------+--------+--------+--------+--------+-----+--------+

Top non-repeatable levels by time:
     D:1: 546 daAuts
     D:2: 244 daAuts
